 Dungeon Crawl Stone Soup version 0.29.1-15-g9cfb28693d (webtiles) character file.

Game seed: 3360271300867158809

116 protoss039 the Digger (level 4, -3/33 HPs)
             Began as a Demonspawn Earth Elementalist on Mar 13, 2023.
             Hit by a boomerang thrown by an orc (5 damage)
             ... on level 3 of the Dungeon.
             The game lasted 00:04:19 (2535 turns).

protoss039 the Digger (DsEE)                        Turns: 2535, Time: 00:04:19

Health: -3/33      AC:  3    Str:  9    XL:     4   Next: 69%
Magic:  4/8        EV: 11    Int: 18    God:
Gold:   143        SH:  0    Dex: 13    Spells: 6/9 levels left

rFire   . . .      SeeInvis .   d - +0 dagger
rCold   . . .      Faith    .   (no shield)
rNeg    . . .      Spirit   .   m - +0 leather armour
rPois   .          Reflect  .   (no helmet)
rElec   .          Harm     .   (no cloak)
rCorr   .          Rampage  .   (no gloves)
Will    .....                   (no boots)
Stlth   ++........              (no amulet)
HPRegen 0.11/turn               (no ring)
MPRegen 0.11/turn               (no ring)

@: mighty
A: powered by death 1, powered by pain 2
a: no special abilities


You were on level 3 of the Dungeon.
You visited 1 branch of the dungeon, and saw 3 of its levels.

You collected 154 gold pieces.
You spent 11 gold pieces at shops.

Inventory:

Hand Weapons
 d - a +0 dagger (weapon)
Armour
 m - a +0 leather armour (worn)
Scrolls
 f - 2 scrolls of teleportation {unknown}
 g - 5 scrolls of identify {unknown}
 h - a scroll of enchant weapon {unknown}
Potions
 a - a potion of invisibility {unknown}
 b - 2 potions of magic
 c - 2 potions of heal wounds {unknown}
 e - 2 potions of cancellation {unknown}
 i - a potion of attraction {unknown}
 j - a potion of resistance {unknown}
 k - a potion of brilliance {unknown}
 l - a potion of berserk rage {unknown}


   Skills:
 + Level 2.2 Fighting
 * Level 0.9 Armour
 - Level 1.7 Dodging
 - Level 1.7 Stealth
 + Level 3.0 Spellcasting
 - Level 0.8 Transmutations
 + Level 3.5 Earth Magic


You had 6 spell levels left.
You knew the following spells:

 Your Spells              Type           Power      Damage    Failure   Level
a - Sandblast             Erth           30%        2d9       5%          1
b - Passwall              Tmut/Erth      8%         N/A       14%         2

Your spell library contained the following spells:

 Spells                   Type           Power      Damage    Failure   Level
 Magic Dart               Conj           8%         1d3       22%         1
 Call Imp                 Summ           2%         N/A       32%         2
 Ensorcelled Hibernation  Hex/Ice        4%         N/A       32%         2
 Stone Arrow              Conj/Erth      18%        3d8       32%         3
 Mephitic Cloud           Conj/Pois/Air  2%         N/A       54%         3
 Swiftness                Air            2%         N/A       54%         3
 Petrify                  Tmut/Erth      10%        N/A       65%         4


Dungeon Overview and Level Annotations

Branches:
Dungeon (3/15) Zot: 15428

Altars:

Shops:
D:1 !!*(!

Annotations:
D:2 1 runed translucent door, Crazy Yiuf


Innate Abilities, Weirdness & Mutations

You regenerate a little health from kills.
You sometimes gain power by taking damage.


Message History

Pain shoots through your body!
* * * LOW HITPOINT WARNING * * *
Okay, then.
Casting: Sandblast (safe; 5% risk of failure)
Confirm with . or Enter, or press ? or * to list all spells.
Aiming: Sandblast (safe; 5% risk of failure)
Press: ? - help, Shift-Dir - straight line, f/p - orc priest
Aim: an orc priest, wielding a +0 short sword and wearing a +0 ring mail (heavily wounded, 84% to hit)
The blast of sand hits the orc priest but does no damage.
The orc priest is heavily wounded.
The orc priest closely misses you.
Unknown command.
Casting: Sandblast (safe; 5% risk of failure)
Confirm with . or Enter, or press ? or * to list all spells.
Aiming: Sandblast (safe; 5% risk of failure)
Press: ? - help, Shift-Dir - straight line, f/p - orc priest
Aim: an orc priest, wielding a +0 short sword and wearing a +0 ring mail (heavily wounded, 84% to hit)
The blast of sand hits the orc priest!
You kill the orc priest!
The orc barely misses you.
Your Spellcasting skill increases to level 3!
Casting: Sandblast (safe; 5% risk of failure)
Confirm with . or Enter, or press ? or * to list all spells.
Aiming: Sandblast (safe; 5% risk of failure)
Press: ? - help, Shift-Dir - straight line, f - orc
Aim: an orc, wielding a +0 war axe (82% to hit)
The blast of sand hits the orc.
The orc is almost dead.
The orc closely misses you.
Your magical contamination has completely faded away.
Unknown command.
Casting: Sandblast (safe; 5% risk of failure)
Confirm with . or Enter, or press ? or * to list all spells.
Aiming: Sandblast (safe; 5% risk of failure)
Press: ? - help, Shift-Dir - straight line, f/p - orc
Aim: an orc, wielding a +0 war axe (almost dead, 82% to hit)
The blast of sand hits the orc!
You kill the orc!
The orc throws a boomerang.
The boomerang hits you.
You die...

# #.# #....# #.# # #.# #..(.#
#.## # #.#######.# #..# # #.#...#
#.# ##.# # #.#...###.## #.#
####.#....##.^. #.#
##...#....####. #.##
.....#.......#.####..############
.. ##.######....>
.......#.#.#.... #........####
.......#........ #.########
......#####.>o.. ### .....##
.....


You could see an orc.

Vanquished Creatures
  An orc priest (D:3)
  3 adders
  2 dart slugs
  2 orcs (D:3)
  7 ball pythons
  3 bats
  An endoplasm (D:3)
  3 giant cockroaches
  4 goblins
  11 hobgoblins
  3 frilled lizards
  5 kobolds
  8 rats
53 creatures vanquished.

Notes
Turn   | Place    | Note
-------+----------+-------------------------------------------
     0 | D:1      | protoss039 the Demonspawn Earth Elementalist began the
                  | quest for the Orb.
     0 | D:1      | Reached XP level 1. HP: 13/13 MP: 3/3
    93 | D:1      | Found Kiceixai's Distillery.
   123 | D:1      | Bought a potion of degeneration for 11 gold pieces
   294 | D:1      | Found Viptuhirgh's Distillery.
   345 | D:1      | Gained mutation: You regenerate a little health from kills.
                  | [demonic ancestry]
   345 | D:1      | Reached XP level 2. HP: 20/20 MP: 3/5
   406 | D:1      | Found Quagal's Distillery.
   433 | D:1      | Found Elownaar's Weapon Shoppe.
   487 | D:1      | Found Optaphow's Assorted Antiques.
   575 | D:1      | Reached skill level 1 in Fighting
   959 | D:1      | Found a faded altar of an unknown god.
  1099 | D:1      | Learned a level 2 spell: Passwall
  1206 | D:2      | Gained mutation: You sometimes gain a little power by
                  | taking damage. [demonic ancestry]
  1206 | D:2      | Reached XP level 3. HP: 8/26 MP: 1/6
  2108 | D:2      | Found a runed translucent door.
  2109 | D:2      | Noticed Crazy Yiuf
  2247 | D:3      | Gained mutation: You sometimes gain power by taking damage.
                  | [demonic ancestry]
  2247 | D:3      | Reached XP level 4. HP: 33/33 MP: 6/8
  2531 | D:3      | HP: 1/33 [orc priest/nerve-wracking pain (5)]
  2535 | D:3      | Hit by a boomerang thrown by an orc

Illustrated notes

Levels and vault maps discovered:
D:1:      evilmike_arrival_rings, layout_basic, serial_shops,
          nicolae_shop_behind_doors, nicolae_shop_statue_plus, shop, shop,
          nicolae_shop_window_shopping, hellmonk_ecumenical_altar_defaced_shrine
D:2:      layout_loops_ring, uniq_crazy_yiuf_cottage
D:3:      layout_rooms, serial_glass, glass_columns_a, glass_columns_a,
          bh_walls_and_bars

Skill      XL: |  1  2  3  4 |
---------------+-------------+-----
Fighting       | 1 2 |  2.2
Earth Magic    | 3 |  3.5
Spellcasting   | 3 |  3.0
Armour         | |  0.9
Dodging        | |  1.7
Stealth        | |  1.7
Transmutations | |  0.8

Action                   |  1- 3 |  4- 6 || total
-------------------------+-------+-------++-------
Melee: Dagger            |    26 |       ||    26
 Cast: Sandblast         |    56 |    17 ||    73
 Stab: Sleeping          |     1 |       ||     1
Armor: Robe              |     9 |       ||     9
Dodge: Dodged            |    28 |     3 ||    31
